 Dungeon Crawl Stone Soup version 0.28-a0-998-gb9e9c7b67e (webtiles) character file.

Game seed: 14116753317430048797

2 bearlyready the Sneak (level 1, 0/19 HPs)
             Began as a Ghoul Delver on Dec 5, 2021.
             Slain by an ufetubus (2 damage)
             ... on level 5 of the Dungeon.
             The game lasted 00:00:20 (191 turns).

bearlyready the Sneak (Ghoul Delver)                 Turns: 191, Time: 00:00:21

Health: 0/19       AC:  3    Str: 15    XL:     1   Next: 30%
Magic:  0/0        EV: 11    Int:  5    God:
Gold:   17         SH:  0    Dex: 10    Spells: 0/0 levels left

rFire   . . .      SeeInvis .     - Unarmed
rCold   + . .      Faith    .   (no shield)
rNeg    + + +      Spirit   .   a - +0 leather armour
rPois   ∞          Reflect  .   (no helmet)
rElec   .          Harm     .   (no cloak)
rCorr   .          Rampage  .   (no gloves)
Will    .....                   (no boots)
Stlth   +++.......              (no amulet)
HPRegen 0.00/turn               (no ring)
MPRegen 0.07/turn               (no ring)

@: inhibited regen
A: claws 1, cold resistance 1, negative energy resistance 3, inhibited
regeneration, torment resistance 2
a: no special abilities


You were on level 5 of the Dungeon.
You visited 1 branch of the dungeon, and saw 1 of its levels.

You collected 17 gold pieces.

Inventory:

Armour
 a - a +0 leather armour (worn)
Wands
 f - a wand of digging (3)
Scrolls
 b - a scroll of fog
 c - a scroll of magic mapping
 d - a scroll of fear
Potions
 e - a potion of haste


   Skills:
 - Level 3.2 Fighting
 - Level 1.7 Dodging
 - Level 5.4 Stealth
 + Level 2.4 Unarmed Combat


You couldn't memorise any spells.
You didn't know any spells.
Your spell library was empty.

Dungeon Overview and Level Annotations

Branches:
Dungeon (5/15)
 Temple: D:4-7

Altars:


Innate Abilities, Weirdness & Mutations

You thrive by killing the living.
You are immune to poison.
You have sharp fingernails.
Your flesh is cold resistant. (rC+)
You are immune to negative energy. (rN+++)
You do not regenerate when monsters are visible.
You are immune to unholy pain and torment.


Message History

The orc is lightly wounded.
The orc hits you with a +0 flail!
* * * LOW HITPOINT WARNING * * *
You barely miss the orc.
The orc is lightly wounded.
The orc barely misses you.
You closely miss the orc.
The orc is lightly wounded.
The orc completely misses you.
You scratch the orc.
The orc is almost dead.
The orc barely misses you.
You scratch the orc but do no damage.
The orc is almost dead.
The orc hits you with a +0 flail.
* * * LOW HITPOINT WARNING * * *
You scratch the orc.
You kill the orc!
You feel better.
You start resting.
Something unseen opens the door.
An ufetubus comes into view.
An ufetubus is nearby!
You closely miss the ufetubus.
The ufetubus hits you but does no damage.
The ufetubus hits you.
You barely miss the ufetubus.
The ufetubus hits you but does no damage.
The ufetubus hits you. x2
The ufetubus hits you but does no damage.
You scratch the ufetubus.
The ufetubus is lightly wounded.
The ufetubus hits you. x2
* * * LOW HITPOINT WARNING * * *
You scratch the ufetubus.
The ufetubus is heavily wounded.
The ufetubus hits you.
* * * LOW HITPOINT WARNING * * *
The ufetubus hits you.
You die...

+
'............
#)........###
#..>.........
#........####
#........#
#...>....#
#........#
#5.......#
#@.......#
##########


You could see an ufetubus.

Vanquished Creatures
  An orc (D:5)
1 creature vanquished.

Notes
Turn   | Place    | Note
-------+----------+-------------------------------------------
     0 | D:5      | bearlyready the Ghoul Delver began the quest for the Orb.
     0 | D:5      | Reached XP level 1. HP: 19/19 MP: 0/0
   191 | D:5      | Slain by an ufetubus

Illustrated notes

Levels and vault maps discovered:
D:5:      minmay_skewed_foursquare, layout_basic, minmay_ruined_shrine,
          uniq_pikel, uniq_sigmund

Action                   || total
-------------------------++-------
Melee: Unarmed           ||    13
Armor: Leather armour    ||     3
Dodge: Dodged            ||     4

Table legend: (Time is in decaauts)
 A = Elapsed time spent in this place.
 B = Non-inter-level travel time spent in this place.
 C = Inter-level travel time spent in this place.
 D = Time resting spent in this place.
 E = Time spent auto-exploring this place.
 F = Levels seen in this place.
 G = Mean time per level.
                   A        B        C        D        E       F      G
               +--------+--------+--------+--------+--------+-----+--------+
         Total |    190 |    190 |      0 |    154 |      7 |   1 |  190.0 |
       Dungeon |    190 |    190 |      0 |    154 |      7 |   1 |  190.0 |
               +--------+--------+--------+--------+--------+-----+--------+

Top non-repeatable levels by time:
     D:5: 190 daAuts
